 Dungeon Crawl Stone Soup version 0.19-a0-1675-gc11f27c (webtiles) character file.

48293 TheGoonsmith the Basher (level 14, 0/92 HPs)
             Began as a Gargoyle Monk on Sept 23, 2016.
             Was the Champion of Okawaru.
             Hit by a stone thrown by an entropy weaver (7 damage)
             ... on level 5 of the Lair of Beasts.
             The game lasted 00:34:11 (15660 turns).

TheGoonsmith the Basher (Gargoyle Monk)            Turns: 15660, Time: 00:34:11

Health: 0/92       AC:  3    Str: 20    XL:     14   Next: 45%
Magic:  20/20      EV: 12    Int: 11    God:    Okawaru [******]
Gold:   1269       SH:  8    Dex: 15    Spells: 0 memorised, 13 levels left

rFire  . . .     SeeInvis .     a - +6 shillelagh "Devastator" {shatter}
rCold  + . .     Gourm    .     O - +3 plate armour
rNeg   + . .     Faith    .     N - +0 buckler
rPois  ∞         Spirit   .     C - +1 helmet
rElec  +         Dismiss  .     G - +0 cloak
rCorr  .         Reflect  +     K - +2 pair of gloves {Dex+3}
MR     +....     Harm     .     n - +1 pair of boots
Stlth  ..........               e - +3 amulet of reflection
                                S - +3 ring of evasion
                                D - ring of protection from cold

@: exhausted, corroded, slowed, very slow
A: big wings, negative energy resistance 1, electricity resistance, unbreathing,
petrification resistance, rot immunity, AC +9
a: Fly, Heroism, Finesse, Renounce Religion


You were on level 5 of the Lair of Beasts.
You worshipped Okawaru.
Okawaru was exalted by your worship.
You were hungry.

You visited 3 branches of the dungeon, and saw 17 of its levels.
You also visited: Ice Cave.

You collected 1537 gold pieces.
You spent 268 gold pieces at shops.

Inventory:

Hand Weapons
 a - the +6 shillelagh "Devastator" (weapon) {shatter}
   (You found it on level 6 of the Dungeon)
 q - a +1 demon whip of draining
 P - a +1 flail of holy wrath
Missiles
 y - 3 throwing nets (quivered)
 Y - 4 javelins of returning
Armour
 n - a +1 pair of boots (worn)
 C - a +1 helmet (worn)
 G - a +0 cloak (worn)
 K - a +2 pair of gloves of dexterity (worn)
 N - a +0 buckler (worn)
 O - a +3 plate armour (worn)
Jewellery
 e - a +3 amulet of reflection (around neck)
 u - an uncursed ring of see invisible
 D - a ring of protection from cold (left hand)
 S - a +3 ring of evasion (right hand)
Wands
 d - a wand of lightning (2/15)
 l - a wand of disintegration (13/24)
 m - a wand of iceblast (5/15)
 p - a wand of random effects (25/48)
 s - a wand of disintegration (4/24)
 t - a wand of acid (9/15)
 E - a wand of flame (30/48)
 L - a wand of digging (10/24)
 X - a wand of polymorph (3/24)
Scrolls
 b - a scroll of enchant armour
 f - 7 scrolls of teleportation
 g - 5 scrolls of fog
 k - 14 scrolls of remove curse
 r - a scroll of identify
 v - a scroll of fear
 B - a scroll of recharging
 W - 2 scrolls of blinking
 Z - 2 scrolls of magic mapping
Potions
 c - a potion of cure mutation
 i - 9 potions of curing
 j - 4 potions of haste
 o - 2 potions of berserk rage
 x - 3 potions of cancellation
 z - 6 potions of heal wounds
 A - 3 potions of might
 F - a potion of lignification
 I - 4 potions of agility
 J - a potion of ambrosia
 Q - a potion of flight {unknown}
Comestibles
 h - 11 royal jellies
 w - a beef jerky
 H - 3 slices of pizza
 M - 2 chunks of flesh
 U - 9 fruits


   Skills:
 - Level 12.0 Fighting
 - Level 14.0 Maces & Flails
   Level 4.8 Slings
 - Level 13.2 Armour
 + Level 4.2 Dodging
 - Level 2.1 Stealth
 - Level 4.0 Shields
 - Level 9.2 Invocations
 - Level 6.9 Evocations


You had 13 spell levels left.
You didn't know any spells.

Dungeon Overview and Level Annotations

Branches:
Dungeon (11/15)            Temple (1/1) D:6            Lair (5/6) D:10
  Swamp (0/4) Lair:2        Snake (0/4) Lair:2          Orc (0/2) D:9
  Slime: Lair:5-6

Altars:
Ashenzari
Cheibriados
Dithmenos
Elyvilon
Fedhas
Gozag
Hepliaklqana
Kikubaaqudgha
Makhleb
Nemelex Xobeh
Okawaru
Qazlal
Ru
Sif Muna
Trog
Uskayaw
Vehumet
Xom
Yredelemnul
Zin
The Shining One

Shops:
D:6 *   D:9 =


Innate Abilities, Weirdness & Mutations

You are resistant to torment.
Your stone body is resilient. (AC +9)
You are immune to poison.
Your large and strong wings let you fly indefinitely.
You resist negative energy. (rN+)
You are resistant to electric shocks. (rElec)
You can survive without breathing.
You are immune to petrification.
You are immune to rotting.


Message History

The entropic weave corrodes you!
You barely miss the entropy weaver.
The entropy weaver is severely wounded.
You barely miss the entropy weaver.
The entropy weaver is severely wounded.
The entropy weaver casts a spell.
The entropic weave corrodes you!
You hit the entropy weaver but do no damage.
The entropy weaver is severely wounded.
The entropy weaver mumbles some strange words.
The entropic weave corrodes you!
You feel a strong urge to attack something.
The entropy weaver throws a stone.
The stone closely misses you.
You see here 2 stones.
You feel your anger subside.
You are no longer berserk.
You are exhausted.
You feel yourself slow down.
You are feeling hungry.
The entropy weaver throws a stone.
The stone hits you!
You die...

##..P.P..#.##....# ....
#..........###...#......
#...#......P#...........
#..........##....P..#.#
##...#...#..###.###..P.### .
#...P###.....##.##P.....P##..
#........#.+#..(.............
##......>....................
##.............@.(..a.......
#...........................
###..............................
#.....###..#.....................
#.....# .......................P.
#.....# ..#....................P
##...## . ############.........#
#...# #.......#. #...# .
#.........


You could see an entropy weaver.

Vanquished Creatures
  Gastronok (Lair:3)
  A frost giant (IceCv)
  An entropy weaver (Lair:5)
  Harold (Lair:2)
  3 hydras
  2 catoblepae
  A death yak (IceCv)
  A naga sharpshooter (Lair:2)
  Nergalle (Lair:2)
  An orc knight (D:10)
  5 hill giants
  The ghost of TheGoonsmith the Slicer, a novice VSAs (D:8)
  A deep elf mage (D:11)
  An oklob plant (D:10)
  Maurice (D:8)
  An ice statue (IceCv)
  The ghost of TheGoonsmith the Cleaver, a novice HOFi of Cheibriados (D:5)
  9 black mambas
  A torpor snail (Lair:2)
  5 spiny frogs
  2 komodo dragons
  A rime drake (IceCv)
  2 ice devils (Lair:1)
  A kobold demonologist (D:11)
  A slime creature (D:11)
  15 polar bears (IceCv)
  A two-headed ogre (D:7)
  6 hippogriffs
  Sigmund (D:5)
  45 yaks
  A wyvern (Lair:4)
  Grum (D:10)
  A basilisk (Lair:3)
  A hungry ghost (D:7)
  6 nagas (Lair:2)
  3 swamp worms (Lair:2)
  12 soldier ants
  12 water moccasins
  10 porcupines
  3 sky beasts
  3 wasps
  2 black bears
  An ice beast (D:7)
  A necrophage (D:11)
  8 orc warriors
  20 wolves
  6 ogres
  5 crocodiles
  8 centaurs
  6 big kobolds
  12 bullfrogs
  A water moccasin zombie (D:6)
  6 scorpions
  A water moccasin skeleton (D:7)
  10 killer bees
  3 wights (D:10)
  4 howler monkeys
  An electric eel (Lair:2)
  6 crimson imps
  2 bullfrog zombies
  A centaur zombie (D:10)
  5 hounds
  A jelly (D:10)
  3 bullfrog skeletons
  6 orc priests
  8 orc wizards
  Ijyb (D:3)
  9 iguanas
  Natasha (thrice) (D:3)
  10 worker ants
  2 hound skeletons
  2 worker ant zombies (D:11)
  6 adders
  4 gnolls (D:7)
  41 river rats
  3 shadow imps
  A white imp (D:5)
  3 oozes
  An adder zombie (D:7)
  A worm (D:2)
  2 dart slugs
  2 leopard geckos
  56 orcs
  2 ball pythons
  5 giant cockroaches
  7 goblins
  8 hobgoblins
  12 jackals
  13 kobolds
  6 quokkas
  A bat (D:2)
  8 frilled lizards
  A jackal skeleton (D:5)
  A leopard gecko skeleton (D:4)
  4 rats
  4 plants
513 creatures vanquished.

Vanquished Creatures (others)
  6 fungi
  3 plants
9 creatures vanquished.

Grand Total: 522 creatures vanquished

Notes
Turn   | Place    | Note
-------+----------+-------------------------------------------
     0 | D:1      | TheGoonsmith the Gargoyle Monk began the quest for the Orb.
     0 | D:1      | Reached XP level 1. HP: 14/14 MP: 1/1
   128 | D:1      | Reached XP level 2. HP: 14/19 MP: 2/2
   539 | D:1      | Reached XP level 3. HP: 24/24 MP: 3/3
  1045 | D:2      | Reached skill level 4 in Maces & Flails
  1204 | D:2      | Found a glowing golden altar of the Shining One.
  1458 | D:3      | Found a snail-covered altar of Cheibriados.
  1614 | D:3      | Noticed Natasha
  1621 | D:3      | Killed Natasha
  1621 | D:3      | Reached XP level 4. HP: 22/29 MP: 4/4
  1728 | D:3      | Noticed Natasha
  1738 | D:3      | Killed Natasha
  1751 | D:3      | Noticed Natasha
  1781 | D:3      | Killed Natasha
  1781 | D:3      | Reached skill level 5 in Maces & Flails
  1781 | D:3      | Reached XP level 5. HP: 21/34 MP: 5/5
  2031 | D:3      | Noticed Ijyb
  2043 | D:3      | Killed Ijyb
  2434 | D:4      | Reached XP level 6. HP: 38/39 MP: 6/6
  2447 | D:4      | Reached skill level 5 in Fighting
  2447 | D:4      | Reached skill level 6 in Maces & Flails
  2788 | D:4      | Reached XP level 7. HP: 44/44 MP: 7/7
  2852 | D:4      | Found an ancient bone altar of Kikubaaqudgha.
  3209 | D:5      | Entered Level 5 of the Dungeon
  3248 | D:5      | Reached skill level 7 in Maces & Flails
  3467 | D:5      | Noticed TheGoonsmith's ghost (novice HOFi)
  3470 | D:5      | Reached skill level 12 in Maces & Flails
  3470 | D:5      | Reached XP level 8. HP: 51/57 MP: 8/8
  3702 | D:5      | Reached XP level 9. HP: 62/62 MP: 9/9
  3764 | D:5      | Got a crude ring mail
  3775 | D:5      | Identified the cursed +1 ring mail "Kuugucy" {Int+4} (You found it on level 5 of the Dungeon)
  3802 | D:5      | Reached skill level 10 in Fighting
  3931 | D:5      | Found a sacrificial altar of Ru.
  4356 | D:6      | Found a staircase to the Ecumenical Temple.
  4366 | Temple   | Entered the Ecumenical Temple
  4582 | Temple   | Became a worshipper of Warmaster Okawaru
  4582 | Temple   | Reached * piety under Okawaru
  4582 | Temple   | Reached ** piety under Okawaru
  4637 | D:6      | Reached XP level 10. HP: 68/68 MP: 10/10
  4933 | D:6      | Found Ufeweh's Assorted Antiques.
  4936 | D:6      | Bought a white potion for 21 gold pieces
  4936 | D:6      | Bought a purple potion for 21 gold pieces
  4936 | D:6      | Bought a scroll labeled OHUYVV NUSUO for 24 gold pieces
  4936 | D:6      | Bought a potion of agility for 96 gold pieces
  4936 | D:6      | Bought a potion of curing for 72 gold pieces
  5078 | D:6      | Found a deep blue altar of Sif Muna.
  5336 | D:6      | Found a shimmering altar of Xom.
  5518 | D:7      | Found a hide-covered altar of Uskayaw.
  5860 | D:5      | Noticed Sigmund
  5868 | D:5      | Killed Sigmund
  5868 | D:5      | Reached *** piety under Okawaru
  6112 | D:5      | Killed TheGoonsmith's ghost
  6588 | D:8      | Noticed Maurice
  6600 | D:8      | Killed Maurice
  6600 | D:8      | Reached skill level 13 in Maces & Flails
  6949 | D:8      | Found a shattered altar of Ashenzari.
  7031 | D:8      | Reached **** piety under Okawaru
  7036 | D:8      | Noticed TheGoonsmith's ghost (novice VSAs)
  7055 | D:8      | Reached XP level 11. HP: 69/73 MP: 11/11
  7059 | D:8      | Killed TheGoonsmith's ghost
  7435 | D:9      | Found a white marble altar of Elyvilon.
  7450 | D:9      | Reached skill level 14 in Maces & Flails
  7512 | D:9      | Reached skill level 10 in Armour
  7513 | D:9      | Reached ***** piety under Okawaru
  7577 | D:9      | Found a staircase to the Orcish Mines.
  7644 | D:9      | Found Zaitex Ylos's Jewellery Boutique.
  7668 | D:9      | Bought a cursed amulet of inaccuracy for 34 gold pieces
  7686 | D:9      | Found a glowing silver altar of Zin.
  8034 | D:10     | Entered Level 10 of the Dungeon
  8058 | D:10     | Noticed an orc knight
  8081 | D:10     | Killed an orc knight
  8288 | D:10     | Noticed a hill giant
  8292 | D:10     | Killed a hill giant
  8300 | D:10     | Received a gift from Okawaru
  8384 | D:10     | Noticed a hill giant
  8391 | D:10     | Killed a hill giant
  9568 | D:10     | Noticed Grum
  9577 | D:10     | Killed Grum
  9661 | D:10     | Noticed a hill giant
  9670 | D:10     | Killed a hill giant
  9796 | D:10     | Noticed an oklob plant
  9834 | D:10     | Found a staircase to the Lair.
 10016 | D:10     | Killed an oklob plant
 10016 | D:10     | Reached skill level 1 in Shields
 10276 | D:11     | Noticed a hill giant
 10285 | D:11     | Killed a hill giant
 10330 | D:11     | Reached skill level 1 in Slings
 10330 | D:11     | Reached XP level 12. HP: 78/78 MP: 12/12
 10414 | D:11     | Received a gift from Okawaru
 10457 | D:11     | Noticed a four-headed hydra
 10465 | D:11     | Killed a four-headed hydra
 10647 | D:11     | Reached skill level 1 in Invocations
 10750 | D:11     | Received a gift from Okawaru
 10755 | D:11     | Got a pair of faintly glowing gloves {god gift}
 10761 | D:11     | Identified the +0 pair of gloves of Fashionability {rC+ Int+4} (Okawaru gifted it to you on level 11 of the Dungeon)
 10939 | Lair:1   | Entered Level 1 of the Lair of Beasts
 11020 | Lair:1   | Found a frozen archway.
 11046 | IceCv    | Entered an ice cave
 11071 | IceCv    | Reached skill level 5 in Invocations
 11405 | IceCv    | Noticed a death yak
 11412 | IceCv    | Reached XP level 13. HP: 83/83 MP: 19/19
 11431 | IceCv    | Reached ****** piety under Okawaru
 11570 | IceCv    | Noticed a frost giant
 11582 | IceCv    | Killed a frost giant
 11981 | Lair:1   | Received a gift from Okawaru
 12702 | Lair:2   | Noticed Nergalle
 12710 | Lair:2   | Killed Nergalle
 12710 | Lair:2   | Reached skill level 1 in Evocations
 12988 | Lair:2   | Found a staircase to the Swamp.
 13056 | Lair:2   | Found a staircase to the Snake Pit.
 13124 | Lair:2   | Noticed Harold
 13140 | Lair:2   | Killed Harold
 13140 | Lair:2   | Reached skill level 5 in Evocations
 13886 | Lair:3   | Received a gift from Okawaru
 13886 | Lair:3   | Gained mutation: Your large and strong wings let you fly indefinitely. [Gargoyle growth]
 13886 | Lair:3   | Reached XP level 14. HP: 91/92 MP: 20/20
 13921 | Lair:3   | Noticed Gastronok
 13933 | Lair:3   | Killed Gastronok
 14289 | Lair:4   | Found a stormy altar of Qazlal.
 15420 | Lair:5   | Noticed an entropy weaver
 15457 | Lair:5   | Killed an entropy weaver
 15614 | Lair:5   | Noticed an entropy weaver
 15660 | Lair:5   | Hit by a stone thrown by an entropy weaver

Vault maps used:
D:1:      dpeg_arrival_concentric_ovals
D:2:      tso_metal_star
D:3:      nicolae_overflow_hidden_temple, st_stairs_6, uniq_iyjb, uniq_natasha
D:4:      kennysheep_mini
D:5:      overflow_temple_1_default, first_bread, minmay_fire_ice_demons,
          uniq_sigmund
D:6:      lemuel_round_altar, lemuel_round_altar, serial_shops,
          nicolae_shop_behind_doors
D:7:      lemuel_crystal_altar
D:8:      minmay_goldmine, evilmike_ruin_ashenzari, hangedman_pestilent_swarm,
          uniq_maurice
D:9:      overflow_temple_1_default, old_standard_altar, hiddenorc1_lemuel,
          serial_shops, shop
D:10:     dpeg_oklobed_lair, uniq_grum
D:11:     kb_rosetta
Temple:   minmay_temple_bridge_abc
Lair:1:   portal_ice_cave_demonic_guard, grunt_megastairs_3
Lair:2:   nicolae_swamp_entry_splash_gauntlet,
          minmay_snake_entry_guardpost_medium, st_stairs_12,
          infiniplex_staircase_pool, uniq_nergalle, uniq_harold
Lair:3:   lemuel_fruit_fields, uniq_gastronok
Lair:4:   basic_altar
Lair:5:   st_stairs_5, zaba_antful_of_joy
IceCv:    ice_cave_caverns_01

Skill      XL: |  1  2  3  4  5  6  7  8  9 10 11 12 13 14 |
---------------+-------------------------------------------+-----
Maces & Flails | 4 5 6 12 13 14 | 14.0
Fighting       | 4 5 9 10 12 | 12.0
Armour         | 9 11 13 | 13.2
Dodging        | 3 4 |  4.2
Shields        | 4 |  4.0
Slings         | 1 4 |  4.8
Invocations    | 8 9 |  9.2
Evocations     | 6 |  6.9
Stealth        | |  2.1

Action                   |  1- 3 |  4- 6 |  7- 9 | 10-12 | 13-15 || total
-------------------------+-------+-------+-------+-------+-------++-------
Melee: Mace              |   129 |       |    25 |       |       ||   154
       Whip              |     6 |   135 |   152 |    21 |       ||   314
       Shillelagh        |       |       |       |   556 |   439 ||   995
 Fire: Greatsling        |       |       |       |    16 |       ||    16
Invok: Heroism           |       |       |       |     2 |     1 ||     3
       Finesse           |       |       |       |       |     1 ||     1
Evoke: Wand              |       |       |       |       |     7 ||     7
  Use: Scroll            |       |     7 |     4 |    13 |     6 ||    30
       Potion            |       |       |     2 |     1 |     1 ||     4
 Stab: Sleeping          |     5 |       |     1 |     3 |       ||     9
       Distracted        |     1 |       |       |       |       ||     1
  Eat: Chunk             |     2 |     3 |     2 |    17 |    12 ||    36
       Bread ration      |       |       |     1 |     1 |       ||     2
       Royal jelly       |       |       |       |     1 |     1 ||     2
Armor: Robe              |    55 |       |       |       |       ||    55
       Scale mail        |       |    44 |    23 |       |       ||    67
       Ring mail         |       |       |    15 |    70 |       ||    85
       Plate armour      |       |       |       |   140 |   169 ||   309
Dodge: Dodged            |    82 |    60 |    41 |   159 |   135 ||   477
Block: Other             |       |     7 |    10 |    20 |       ||    37
       Reflection        |       |       |       |     6 |     1 ||     7
       Buckler           |       |       |       |    54 |    98 ||   152
